 Dungeon Crawl Stone Soup version 0.25.0-15-gac7dcb8919 (console) character file.

Game seed: 6129625153574246327

137 bli the Ruffian (level 5, 0/41 HPs)
             Began as a Draconian Transmuter on June 28, 2020.
             Was a Believer of Cheibriados.
             Slain by a centaur (4 damage)
             ... on level 4 of the Dungeon.
             The game lasted 00:10:13 (3043 turns).

bli the Ruffian (Draconian Transmuter)              Turns: 3043, Time: 00:10:14

Health: 0/41       AC: 10    Str: 17    XL:     5   Next: 0%
Magic:  7/8        EV: 13    Int: 17    God:    Cheibriados [**....]
Gold:   171        SH:  0    Dex: 16    Spells: 2/8 levels left

rFire    . . .     SeeInvis .     - Unarmed
rCold    . . .     Gourm    .   (no shield)
rNeg     . . .     Faith    .   (armour unavailable)
rPois    .         Spirit   .   (helmet restricted)
rElec    .         Reflect  .   (no cloak)
rCorr    .         Harm     .   m - +0 pair of gloves
MR       .....                  (no boots)
Stlth    ++........             p - amulet of regeneration
HPRegen  0.53/turn              j - +4 ring of protection
MPRegen  0.11/turn              (no ring)

@: appendage (expiring), very slow
A: unfitting armour, horns 2, cold-blooded, AC +5
a: End Transformation, Bend Time, Renounce Religion


You were on level 4 of the Dungeon.
You worshipped Cheibriados.
Cheibriados was pleased with you.
You were not hungry.
You had grown temporary horns.
You visited 1 branch of the dungeon, and saw 4 of its levels.

You collected 171 gold pieces.

Inventory:

Hand Weapons
 n - a +2 vorpal hand axe
Missiles
 a - 30 arrows
 h - 71 stones (quivered)
 u - 18 poisoned darts
Armour
 f - a +0 tower shield
 m - a +0 pair of gloves (worn)
Jewellery
 d - an uncursed amulet of magic regeneration
 g - an uncursed ring of poison resistance {unknown}
 j - a +4 ring of protection (left hand)
 p - an amulet of regeneration (around neck)
Scrolls
 b - a scroll of fear {unknown}
 e - 2 scrolls of teleportation {unknown}
 k - 6 scrolls of identify {unknown}
 r - 2 scrolls of amnesia {unknown}
Potions
 i - 2 potions of curing {unknown}
 l - 2 potions of degeneration {unknown}
 o - a potion of stabbing {unknown}
 q - a potion of ambrosia {unknown}
 s - a potion of haste {unknown}
Comestibles
 c - 5 rations
 t - 3 chunks of flesh


   Skills:
 + Level 2.0 Fighting
 + Level 2.2 Dodging
 + Level 0.2 Stealth
 * Level 4.7 Unarmed Combat
 * Level 2.4 Spellcasting
 + Level 2.2 Transmutations


You had 2 spell levels left.
You knew the following spells:

 Your Spells              Type           Power        Failure   Level  Hunger
a - Beastly Appendage     Tmut           #.....       8%          1    #......
b - Sticks to Snakes      Tmut           #.......     11%         2    ##.....
S - Spider Form           Tmut/Pois      #.........   34%         3    ###....

Your spell library contained the following spells:

 Spells                   Type           Power        Failure   Level  Hunger
 Animate Skeleton         Necr           N/A          19%         1    #......
 Apportation              Tloc           #.....       19%         1    #......
 Corona                   Hex            #......      19%         1    #......
 Magic Dart               Conj           #...         19%         1    #......
 Summon Small Mammal      Summ           #...         19%         1    #......
 Searing Ray              Conj           #.....       28%         2    ##.....
 Dazzling Flash           Conj/Hex       #.....       50%         3    ###....
 Ice Form                 Ice/Tmut       #.......     75%         4    #####..
 Fulminant Prism          Conj/Hex       #.........   88%         4    #####..
 Iskenderun's Mystic Bla  Conj/Tloc      #.......     88%         4    #####..
 Blade Hands              Tmut           #.........   90%         5    ######.


Dungeon Overview and Level Annotations

Branches:
Dungeon (4/15)
 Temple: D:4-7

Altars:
Ashenzari
Cheibriados
Kikubaaqudgha


Innate Abilities, Weirdness & Mutations

Your plain brown scales are hard. (AC +5)
You cannot fit into any form of body armour.
You are cold-blooded and may be slowed by cold attacks.
You have a pair of horns on your head.


Message History

* * * LOW HITPOINT WARNING * * *
You see here 3 arrows.
You hit the centaur but do no damage.
Your tail-slap misses the centaur.
The centaur hits you.
* * * LOW HITPOINT WARNING * * *
You hit the centaur but do no damage.
Your transformation is almost over.
The centaur barely misses you.
You hit the centaur but do no damage.
You headbutt the centaur, but do no damage.
Your tail-slap misses the centaur.
The centaur hits you but does no damage.
The centaur closely misses you.
You hit the centaur but do no damage. You headbutt the centaur.
The centaur is lightly wounded.
The centaur misses you.
You hit the centaur. You headbutt the centaur.
The centaur is moderately wounded.
The centaur hits you but does no damage.
The centaur hits you.
You die...

..# #.#.##.##.#
#.#.##.##รท######
#.#.##.##.......
#.#.##.##..#####
#.#.##.##..#
#.#........#
#.####.#<..# .
###.####.....#
PP.####...........##
PP?...c......###^##
P......@(....###.#
....####(........# .
#()...##### #..(..#
#######


You could see a centaur.

Vanquished Creatures
  Terence (D:2)
  A worker ant (D:2)
  An adder (D:2)
  An ooze (D:1)
  2 dart slugs
  2 leopard geckos
  4 orcs
  2 giant cockroaches
  8 goblins
  4 hobgoblins
  10 jackals
  2 quokkas
  6 bats
  8 frilled lizards
  6 kobolds
  8 rats
66 creatures vanquished.

Vanquished Creatures (others)
  A hobgoblin (D:2)
1 creature vanquished.

Grand Total: 67 creatures vanquished

Notes
Turn   | Place    | Note
-------+----------+-------------------------------------------
     0 | D:1      | bli the Draconian Transmuter began the quest for the Orb.
     0 | D:1      | Reached XP level 1. HP: 16/16 MP: 3/3
   272 | D:1      | Reached XP level 2. HP: 19/23 MP: 5/5
  1004 | D:2      | Found a snail-covered altar of Cheibriados.
  1012 | D:2      | Became a worshipper of Cheibriados the Contemplative
  1063 | D:2      | Found an ancient bone altar of Kikubaaqudgha.
  1155 | D:2      | Reached skill level 4 in Unarmed Combat
  1155 | D:2      | Reached XP level 3. HP: 29/29 MP: 6/6
  1404 | D:2      | Learned a level 2 spell: Sticks to Snakes
  1408 | D:2      | Learned a level 3 spell: Spider Form
  1556 | D:2      | Reached XP level 4. HP: 36/36 MP: 4/7
  1598 | D:2      | Noticed Terence
  1620 | D:2      | Killed Terence
  1620 | D:2      | Reached * piety under Cheibriados
  2128 | D:3      | Found a shattered altar of Ashenzari.
  2486 | D:3      | Reached ** piety under Cheibriados
  2808 | D:4      | Reached XP level 5. HP: 41/41 MP: 6/8
  2827 | D:4      | Noticed a centaur
  3039 | D:4      | HP: 2/41 [centaur (3)]
  3043 | D:4      | Slain by a centaur

Illustrated notes

Levels and vault maps discovered:
D:1:      dpeg_arrival_round_c, layout_basic, minmay_pentomino_q2
D:2:      layout_basic, lemuel_doored_altar, minmay_misc_feat_roman,
          cheibriados_altar_1, uniq_terence
D:3:      layout_basic, ashenzari_altar_1
D:4:      layout_loops_ring, first_ration, fedhas_bush_and_centaur_altar

Skill      XL: |  1  2  3  4 |
---------------+-------------+-----
Fighting       | 2 |  2.0
Unarmed Combat | 4 |  4.7
Dodging        | 2 |  2.2
Stealth        | |  0.2
Spellcasting   | |  2.4
Transmutations | |  2.2

Action                   |  1- 3 |  4- 6 || total
-------------------------+-------+-------++-------
Melee: Unarmed           |   105 |   107 ||   212
       Tailslap          |     6 |    10 ||    16
       Kick              |     2 |     9 ||    11
       Headbutt          |     9 |    10 ||    19
       Punch             |       |     1 ||     1
 Cast: Beastly Appendage |    17 |    19 ||    36
       Sticks to Snakes  |     1 |     2 ||     3
 Stab: Sleeping          |     1 |       ||     1
  Eat: Chunk             |     3 |     3 ||     6
Armor: Skin              |    21 |    57 ||    78
Dodge: Dodged            |    69 |    97 ||   166
